 Dungeon Crawl Stone Soup version 0.22.1-2-g9c5b331 (webtiles) character file.

94636 lysyklops the Unseen (level 15, -17/63 HPs)
             Began as a Spriggan Enchanter on Dec 18, 2018.
             Was the Champion of Dithmenos.
             Demolished by a white ugly thing (34 damage)
             ... in an ice cave.
             The game lasted 01:38:48 (27406 turns).

lysyklops the Unseen (Spriggan Enchanter)          Turns: 27406, Time: 01:38:49

Health: -17/63     AC:  7    Str:  4    XL:     15   Next: 64%
Magic:  25/33      EV: 35    Int: 22    God:    Dithmenos [******]
Gold:   2399       SH:  0    Dex: 18    Spells: 28/41 levels left

rFire    . . .     SeeInvis +   a - +0 dagger (speed)
rCold    . . .     Gourm    .   (shield restricted)
rNeg     . . .     Faith    .   b - +2 robe
rPois    .         Spirit   .   (helmet restricted)
rElec    .         Reflect  .   B - +2 cloak
rCorr    .         Harm     .   (gloves unavailable)
MR       ++...                  (boots unavailable)
Stlth    ++++++++++             Q - amulet of regeneration
HPRegen  0.60/turn              I - ring of stealth
MPRegen  0.23/turn              P - +3 ring of evasion

@: wreathed by umbra, very quick
A: very small, unfitting armour, see invisible, herbivore, speed 3, slow
metabolism 2
a: Shadow Step, Shadow Form, Renounce Religion


You were in an ice cave.
You worshipped Dithmenos.
Dithmenos was exalted by your worship.
You were very hungry.

You visited 3 branches of the dungeon, and saw 20 of its levels.
You also visited: Labyrinth, Ossuary, Ice Cave and Volcano.

You collected 2399 gold pieces.

Inventory:

Hand Weapons
 a - a +0 dagger of speed (weapon)
 U - a +3 dagger
Armour
 b - a +2 robe (worn)
 B - a +2 cloak (worn)
Jewellery
 I - a ring of stealth (left hand)
 M - an uncursed ring of positive energy
 P - a +3 ring of evasion (right hand)
 Q - an amulet of regeneration (around neck)
 T - an uncursed ring of protection from magic
Wands
 n - a wand of flame (20)
 p - a wand of random effects (27)
 t - a wand of enslavement (17)
 v - a wand of iceblast (8)
 x - a wand of disintegration (40)
 z - a wand of acid (12)
 E - a wand of digging (24)
 G - a wand of polymorph (32)
 R - a wand of paralysis (10)
Scrolls
 c - 8 scrolls of teleportation
 f - 5 scrolls of amnesia
 h - 13 scrolls of remove curse
 k - 2 scrolls of blinking
 o - a scroll of identify
 y - 3 scrolls of fog
 A - 2 scrolls of torment
 D - 3 scrolls of enchant weapon
 F - a scroll of silence
 J - 2 scrolls of summoning
 K - 2 scrolls of fear
 W - a scroll of magic mapping
Potions
 e - 6 potions of haste
 g - 3 potions of brilliance
 i - 4 potions of curing
 j - 4 potions of cancellation
 l - a potion of magic
 m - 7 potions of flight
 q - 5 potions of resistance
 r - a potion of mutation
 u - 8 potions of degeneration
 w - 3 potions of invisibility
 C - 3 potions of ambrosia
 H - 3 potions of berserk rage
 L - a potion of lignification
 O - 3 potions of agility
 S - a potion of might
Comestibles
 d - 45 rations


   Skills:
 + Level 12.7 Short Blades
 + Level 16.0 Dodging
 + Level 17.4 Stealth
 + Level 13.8 Spellcasting
 + Level 14.0 Hexes
 + Level 6.7 Invocations


You had 28 spell levels left.
You knew the following spells:

 Your Spells              Type           Power        Failure   Level  Hunger
a - Corona                Hex            ######.      0%          1    None
b - Ensorcelled Hibernat  Hex/Ice        #####.       1%          2    None
c - Confuse               Hex            ######..     1%          3    None
d - Dazzling Spray        Conj/Hex       #####.       1%          3    None
e - Cause Fear            Hex            ######....   1%          4    None

Your spell library contained the following spells:

 Spells                   Type           Power        Failure   Level  Hunger
 Confusing Touch          Hex            ######       0%          1    None
 Slow                     Hex            ######..     1%          2    None
 Inner Flame              Hex/Fire       #####...     1%          3    None
 Portal Projectile        Hex/Tloc       #####.       1%          3    None
 Tukima's Dance           Hex            ######..     1%          3    None
 Leda's Liquefaction      Hex/Erth       #####.....   2%          4    None
 Sting                    Conj/Pois      ###.         4%          1    None
 Poisonous Vapours        Pois/Air       ###...       6%          2    None
 Metabolic Englaciation   Hex/Ice        #####.....   6%          5    ###....
 Yara's Violent Unravell  Hex/Tmut       #####.....   6%          5    ###....
 Gell's Gravitas          Tloc           ###.......   12%         3    None
 Mephitic Cloud           Conj/Pois/Air  ###.....     12%         3    None
 Recall                   Summ/Tloc      N/A          12%         3    None
 Animate Dead             Necr           N/A          38%         4    None
 Olgreb's Toxic Radiance  Pois           ###.....     38%         4    None
 Petrify                  Tmut/Erth      ###.....     38%         4    None
 Bolt of Magma            Conj/Fire/Erth ###.......   75%         5    ###....
 Borgnjor's Vile Clutch   Necr/Erth      ###.......   75%         5    ###....
 Iskenderun's Battlesphe  Conj/Chrm      ###.....     75%         5    ###....
 Venom Bolt               Conj/Pois      ###.......   75%         5    ###....
 Death Channel            Necr           ###.......   99%         6    #####..
 Iron Shot                Conj/Erth      ###.......   99%         6    #####..
 Simulacrum               Ice/Necr       ###.......   99%         6    #####..
 Orb of Destruction       Conj           ###.......   100%        7    ######.
 Spellforged Servitor     Conj/Summ      ###.......   100%        7    ######.


Dungeon Overview and Level Annotations

Branches:
Dungeon (12/15)            Temple (0/1) D:5            Lair (6/6) D:10
 Shoals (0/4) Lair:3       Spider (0/4) Lair:3        Slime (0/5) Lair:6
    Orc (2/2) D:12
    Elf: Orc:2

Altars:
Cheibriados
Dithmenos
Elyvilon
Fedhas
Kikubaaqudgha
Okawaru
Qazlal
Sif Muna
Uskayaw
Vehumet
Wu Jian
Xom
The Shining One
Beogh

Shops:
Orc:1 (

Annotations:
Lair:1 2 transporters, lysyklops's ghost, journeyman MiFi IceCv 1 transporter, exclusion: 2 ice statues


Innate Abilities, Weirdness & Mutations

You are very small and have problems with some larger weapons.
You are too small for most types of armour.
You have supernaturally acute eyesight. (SInv)
You are a herbivore.
You cover ground extremely quickly.
You need to consume almost no food.


Message History

Your shadow hits the ice statue but does no damage.
You hit the ice statue but do no damage.
The ice statue is lightly damaged.
The ice statue gestures at you. The bolt of cold misses you.
The white ugly thing misses you.
You hit the ice statue but do no damage.
The ice statue is lightly damaged.
The ice beast disappears in a puff of smoke!
The ice beast completely misses you. The ice beast closely misses you.
The ice beast completely misses you.
You hit the ice statue but do no damage.
The ice statue is lightly damaged.
Your shadow hits the ice statue but does no damage.
You hit the ice statue.
The ice statue is lightly damaged.
The white ugly thing trunk-slaps you.
* * * LOW HITPOINT WARNING * * *
The white ugly thing freezes you!!
Ouch! That really hurt!
You die...

###########
##...(©=...##
#.§§8§§.8...#
##§§§§§§[....##
#.§YYY§§......#
#.§§@8Y.§8....#
#..§uY§§§.....#
##.§§§§§§....##
#...........#
#.....©.....#
##.........##
##...∩...##
##.....##
#######


You could see an ice statue, a white ugly thing and 5 ice beasts.

Vanquished Creatures
  Rupert (Lair:3)
  Kirke (D:12)
  A minotaur (Lab)
  6 hydras
  An ice dragon (Lair:6)
  2 two-headed ogres
  A catoblepas (Lair:6)
  An ogre mage (D:9)
  An orc high priest (D:12)
  Sonja (Lair:6)
  2 unseen horrors (D:12)
  A lindwurm (Lair:6)
  2 ugly things
  A cyclops (D:12)
  2 oklob plants (Lair:1)
  A manticore (D:12)
  9 elephants
  A centaur zombie (D:12)
  Joseph (D:7)
  Psyche (D:8)
  5 torpor snails (Lair:6)
  2 black mambas
  10 spiny frogs
  3 komodo dragons
  4 rime drakes
  A minotaur skeleton (Lab)
  3 trolls
  11 polar bears (Lair:6)
  4 tyrant leeches (Lair:6)
  A queen bee (Orc:1)
  6 hornets (Lair:6)
  A raiju (Lair:6)
  17 blink frogs
  14 hippogriffs
  A snapping turtle (Lair:3)
  Prince Ribbit (D:5)
  5 wyverns
  35 yaks
  2 vampires (D:9)
  4 basilisks
  A hungry ghost (Lab)
  7 hogs (D:12)
  4 vampire mosquitoes (D:10)
  7 wargs
  16 water moccasins
  16 hell hounds
  3 porcupines
  A hornet zombie (D:8)
  13 orc warriors
  6 sky beasts
  15 black bears
  10 ice beasts
  An eye of draining (D:10)
  2 phantoms
  7 centaurs
  10 ogres
  A necrophage (D:10)
  17 wolves
  3 crocodiles
  4 big kobolds
  14 bullfrogs
  Blork the orc (D:5)
  A gnoll sergeant (D:8)
  3 scorpions
  2 wyvern skeletons
  10 jellies
  28 killer bees
  4 wights
  2 vampire bats (Lair:6)
  3 howler monkeys
  9 crimson imps
  A quasit (D:9)
  Crazy Yiuf (D:6)
  A centaur skeleton (D:10)
  6 orc priests
  A bullfrog skeleton (D:4)
  6 hounds
  An iron imp (D:9)
  Jessica (D:2)
  An iguana (D:5)
  Ijyb (D:3)
  15 worker ants
  Natasha (thrice) (D:3)
  10 orc wizards
  A hound skeleton (D:11)
  8 mummies (Ossuary)
  A howler monkey zombie (D:11)
  2 worker ant zombies
  7 gnolls
  14 adders
  3 shadow imps
  An ooze (D:5)
  3 worms
  7 leopard geckos
  67 orcs
  10 bats
  A bat zombie (D:7)
  2 giant cockroaches
  2 gnoll zombies (Ossuary)
  7 hobgoblins
  20 jackals
  7 quokkas
  5 frilled lizards
  10 goblins
  A hobgoblin zombie (Ossuary)
  A jackal zombie (D:7)
  20 kobolds
  3 kobold zombies (Ossuary)
  A leopard gecko skeleton (D:4)
  A leopard gecko zombie (D:5)
  2 orc zombies (Ossuary)
  2 quokka skeletons (D:4)
  9 rats
  A plant (Lair:1)
655 creatures vanquished.

Vanquished Creatures (others)
  8 fungi
  35 plants
43 creatures vanquished.

Grand Total: 698 creatures vanquished

Notes
Turn   | Place    | Note
-------+----------+-------------------------------------------
     0 | D:1      | lysyklops the Spriggan Enchanter began the quest for the
                  | Orb.
     0 | D:1      | Reached XP level 1. HP: 9/9 MP: 5/5
   429 | D:1      | Reached XP level 2. HP: 13/13 MP: 6/6
   433 | D:1      | Learned a level 2 spell: Ensorcelled Hibernation
  1338 | D:2      | Reached XP level 3. HP: 15/16 MP: 2/8
  1343 | D:2      | Learned a level 3 spell: Confuse
  1643 | D:2      | Reached skill level 5 in Stealth
  1680 | D:2      | Found an ornate altar of the Wu Jian Council.
  2046 | D:2      | Noticed an ogre
  2053 | D:2      | Killed an ogre
  2053 | D:2      | Reached XP level 4. HP: 18/21 MP: 1/10
  2053 | D:2      | Reached XP level 5. HP: 21/24 MP: 1/11
  2217 | D:2      | Noticed Jessica
  2242 | D:2      | Killed Jessica
  3376 | D:3      | Reached skill level 6 in Stealth
  3547 | D:3      | Noticed Natasha
  3625 | D:3      | Killed Natasha
  3625 | D:3      | Reached XP level 6. HP: 28/28 MP: 10/13
  3642 | D:3      | Noticed Ijyb
  3646 | D:3      | Killed Ijyb
  3782 | D:3      | Found a deep blue altar of Sif Muna.
  3820 | D:3      | Reached skill level 5 in Dodging
  3904 | D:3      | Noticed Natasha
  3910 | D:3      | Killed Natasha
  3910 | D:3      | Reached skill level 5 in Hexes
  4248 | D:3      | Noticed Natasha
  4252 | D:3      | Killed Natasha
  4802 | D:4      | Found a glowing golden altar of the Shining One.
  4865 | D:4      | Found a blossoming altar of Fedhas.
  5172 | D:4      | Reached XP level 7. HP: 28/32 MP: 10/15
  5451 | D:4      | Found a shadowy altar of Dithmenos.
  5455 | D:4      | Became a worshipper of Dithmenos the Shadowed
  5562 | D:5      | Entered Level 5 of the Dungeon
  5680 | D:5      | Reached skill level 7 in Stealth
  5680 | D:5      | Reached skill level 5 in Spellcasting
  5772 | D:5      | Found a staircase to the Ecumenical Temple.
  5818 | D:5      | Noticed Prince Ribbit
  5818 | D:5      | Noticed Blork the orc
  5841 | D:5      | Killed Blork the orc
  6196 | D:5      | Killed Prince Ribbit
  6366 | D:5      | Reached XP level 8. HP: 36/36 MP: 12/17
  6794 | D:6      | Found a runed door.
  6798 | D:6      | Noticed Crazy Yiuf
  6802 | D:6      | Killed Crazy Yiuf
  6802 | D:6      | Reached skill level 8 in Stealth
  7063 | D:6      | Found a hide-covered altar of Uskayaw.
  7158 | D:6      | Noticed a hand axe
  7158 | D:6      | Noticed a dagger
  7268 | D:6      | Reached skill level 5 in Short Blades
  7995 | D:7      | Noticed Joseph
  8003 | D:7      | Killed Joseph
  8003 | D:7      | Reached skill level 9 in Stealth
  8014 | D:7      | Reached XP level 9. HP: 30/39 MP: 6/20
  8158 | D:7      | Reached * piety under Dithmenos
  8332 | D:7      | Found an iron altar of Okawaru.
  8967 | D:7      | Reached ** piety under Dithmenos
  8967 | D:7      | Reached skill level 10 in Stealth
  9157 | D:7      | Found an ancient bone altar of Kikubaaqudgha.
  9393 | D:8      | Found a sand-covered staircase.
  9399 | Ossuary  | Entered an ossuary
 10014 | D:8      | You fall through a shaft for 3 floors!
 10356 | D:11     | Found a deep blue altar of Sif Muna.
 10563 | D:11     | Noticed a troll
 10632 | D:11     | Reached XP level 10. HP: 39/44 MP: 23/23
 10775 | D:10     | Entered Level 10 of the Dungeon
 10791 | D:10     | Found a staircase to the Lair.
 10818 | D:9      | Found a snail-covered altar of Cheibriados.
 10858 | D:9      | Reached skill level 11 in Stealth
 10875 | D:9      | Reached skill level 10 in Dodging
 11053 | D:9      | Noticed an ogre mage
 11057 | D:9      | Killed an ogre mage
 11107 | D:9      | Reached *** piety under Dithmenos
 11210 | D:8      | Noticed a two-headed ogre
 11212 | D:8      | Killed a two-headed ogre
 11258 | D:8      | Found a white marble altar of Elyvilon.
 11307 | D:8      | Found a stormy altar of Qazlal.
 11307 | D:8      | Found a shimmering altar of Xom.
 11328 | D:8      | Noticed Psyche
 11347 | D:8      | Killed Psyche
 11347 | D:8      | Reached skill level 12 in Stealth
 11767 | D:8      | Reached XP level 11. HP: 47/47 MP: 25/25
 11902 | D:8      | Reached **** piety under Dithmenos
 12815 | D:9      | Reached skill level 10 in Hexes
 12984 | D:9      | Found a radiant altar of Vehumet.
 13398 | D:10     | Noticed a cyan ugly thing
 13406 | D:10     | Killed a cyan ugly thing
 13488 | D:10     | Reached skill level 10 in Spellcasting
 13669 | D:10     | Found Ratiustru's Antique Armour Boutique.
 14184 | D:10     | Reached skill level 13 in Stealth
 14262 | Lair:1   | Entered Level 1 of the Lair of Beasts
 14490 | Lair:1   | Noticed lysyklops's ghost (journeyman MiFi)
 14490 | Lair:1   | Noticed a death yak
 14491 | Lair:1   | Found a transporter.
 14750 | Lair:1   | Noticed a seven-headed hydra
 14756 | Lair:1   | Killed a seven-headed hydra
 14846 | Lair:1   | Found a transporter.
 14935 | Lair:1   | Noticed an oklob plant
 15144 | Lair:1   | Noticed an oklob plant
 15151 | Lair:1   | Killed an oklob plant
 15160 | Lair:1   | Killed an oklob plant
 15174 | Lair:1   | Learned a level 3 spell: Dazzling Spray
 15351 | Lair:2   | Reached XP level 12. HP: 51/51 MP: 27/27
 15361 | Lair:2   | Noticed a four-headed hydra
 15369 | Lair:2   | Killed a four-headed hydra
 15382 | Lair:2   | Reached skill level 14 in Stealth
 15447 | Lair:2   | Found a dark tunnel.
 15507 | Volcano  | Entered a volcano
 15624 | Volcano  | Learned a level 4 spell: Cause Fear
 15643 | Lair:2   | Reached skill level 10 in Short Blades
 16208 | Lair:3   | Noticed Rupert
 16367 | Lair:3   | Killed Rupert
 16588 | Lair:3   | Found a hole to the Spider Nest.
 16697 | Lair:3   | Reached ***** piety under Dithmenos
 17108 | Lair:3   | Found a staircase to the Shoals.
 17573 | Lair:4   | Found a labyrinth entrance.
 17582 | Lab      | Entered a labyrinth
 18553 | Lab      | Noticed a minotaur
 18557 | Lab      | Killed a minotaur
 18557 | Lab      | Reached skill level 15 in Stealth
 18895 | Lair:4   | Noticed a death yak
 18900 | Lair:4   | Noticed a death yak
 18900 | Lair:4   | Noticed a death yak
 19885 | Lair:5   | Reached XP level 13. HP: 55/55 MP: 12/30
 21090 | Lair:6   | Entered Level 6 of the Lair of Beasts
 21834 | Lair:6   | Reached skill level 16 in Stealth
 21889 | Lair:6   | Noticed Sonja
 21896 | Lair:6   | Killed Sonja
 21961 | Lair:6   | Found a staircase to the Slime Pits.
 22327 | Lair:6   | Reached skill level 15 in Dodging
 22835 | Lair:6   | Reached ****** piety under Dithmenos
 23078 | Lair:6   | Reached XP level 14. HP: 59/59 MP: 20/32
 23616 | Lair:6   | Found a runed door.
 24168 | D:11     | Reached skill level 17 in Stealth
 25063 | D:12     | Found a staircase to the Orcish Mines.
 25068 | D:12     | Reached skill level 1 in Invocations
 25125 | D:12     | Noticed Kirke
 25193 | D:12     | Reached XP level 15. HP: 29/63 MP: 5/33
 25531 | D:12     | Noticed a sphinx
 25542 | D:12     | HP: 3/63 [harpy[Kirke] (8)]
 25713 | D:12     | Killed Kirke
 25833 | Orc:1    | Entered Level 1 of the Orcish Mines
 26059 | Orc:1    | Found a roughly hewn altar of Beogh.
 26282 | Orc:1    | Found Vetigoe's Weapon Shoppe.
 27184 | Orc:2    | Entered Level 2 of the Orcish Mines
 27201 | Orc:2    | Found a frozen archway.
 27206 | IceCv    | Entered an ice cave
 27211 | IceCv    | Found a transporter.
 27384 | IceCv    | Found a transporter.
 27406 | IceCv    | Demolished by a white ugly thing

Skill      XL: |  1  2  3  4  5  6  7  8  9 10 11 12 13 14 15 |
---------------+----------------------------------------------+-----
Spellcasting   | 3 4 5 6 8 9 10 12 13 | 13.8
Hexes          | 4 5 6 7 8 9 11 12 13 14 | 14.0
Stealth        | 5 6 7 9 10 12 13 15 16 17 | 17.4
Short Blades   | 2 3 4 5 7 8 9 10 12 | 12.7
Dodging        | 4 5 6 8 9 11 12 13 15 16 | 16.0
Invocations    | 6 |  6.7

Action                   |  1- 3 |  4- 6 |  7- 9 | 10-12 | 13-15 || total
-------------------------+-------+-------+-------+-------+-------++-------
Melee: Dagger            |   147 |   176 |   469 |   405 |   673 ||  1870
 Cast: Ensorcelled Hiber |    19 |    34 |    80 |   260 |   337 ||   730
       Confuse           |     1 |     8 |    39 |    36 |    53 ||   137
       Dazzling Spray    |       |       |       |     4 |     4 ||     8
       Cause Fear        |       |       |       |     1 |       ||     1
       Corona            |       |       |       |       |     1 ||     1
Evoke: Wand              |       |       |       |    33 |       ||    33
  Use: Scroll            |       |       |       |    20 |    20 ||    40
       Potion            |       |       |       |    10 |     4 ||    14
 Stab: Sleeping          |    21 |    33 |    57 |   160 |   241 ||   512
       Confused          |     1 |     3 |    18 |    23 |    34 ||    79
       Distracted        |       |       |     1 |     1 |     4 ||     6
       Petrified         |       |       |       |       |     2 ||     2
  Eat: Ration            |       |     2 |     3 |     4 |     4 ||    13
Armor: Robe              |     7 |    11 |    16 |     7 |    28 ||    69
       Skin              |       |       |       |     7 |       ||     7
Dodge: Dodged            |   100 |   120 |   269 |   271 |   993 ||  1753
